 Dungeon Crawl Stone Soup version 0.28.0-45-g0d030f2227 (webtiles) character file.

Game seed: 18224081645891624948

130 GigaChad the Covered (level 4, 0/40 HPs)
             Began as a Minotaur Fighter on Apr 14, 2022.
             Was an Initiate of Yredelemnul.
             Succumbed to Ijyb's poison
             ... on level 3 of the Dungeon.
             The game lasted 00:06:18 (1606 turns).

GigaChad the Covered (Minotaur Fighter)             Turns: 1606, Time: 00:06:18

Health: 0/40       AC:  7    Str: 20    XL:     4   Next: 89%
Magic:  3/3        EV:  9    Int:  5    God:    Yredelemnul [......]
Gold:   133        SH:  5    Dex: 12    Spells: 3/3 levels left

rFire   . . .      SeeInvis .   a - +0 long sword
rCold   . . .      Faith    .   c - +0 buckler
rNeg    . . .      Spirit   .   b - +0 scale mail
rPois   .          Reflect  .   (helmet restricted)
rElec   .          Harm     .   (no cloak)
rCorr   .          Rampage  .   (no gloves)
Will    .....                   (no boots)
Stlth   ..........              (no amulet)
HPRegen 0.13/turn               (no ring)
MPRegen 0.08/turn               (no ring)

@: lethally poisoned (0 -> -19)
A: horns 2, retaliatory headbutt
a: Renounce Religion, Recall Undead Harvest


You were on level 3 of the Dungeon.
You worshipped Yredelemnul.
Yredelemnul was noncommittal.
You visited 1 branch of the dungeon, and saw 3 of its levels.

You collected 133 gold pieces.

Inventory:

Hand Weapons
 a - a +0 long sword (weapon)
Missiles
 e - 21 arrows
Armour
 b - a +0 scale mail (worn)
 c - a +0 buckler (worn)
Jewellery
 g - a +6 ring of dexterity
Scrolls
 f - a scroll of immolation {unknown}
 h - a scroll of enchant weapon {unknown}
Potions
 d - a potion of might
 i - 2 potions of mutation {unknown}


   Skills:
 + Level 4.1 Fighting
 + Level 3.7 Long Blades
 + Level 4.9 Armour
 + Level 1.2 Dodging
 + Level 0.1 Stealth
 + Level 4.4 Shields


You had 3 spell levels left.
You didn't know any spells.
Your spell library contained the following spells:

 Spells                   Type           Power      Damage    Failure   Level
 Borgnjor's Revivificati  Necr           0%         N/A       100%        8
 Necromutation            Tmut/Necr      0%         N/A       100%        8
 Death's Door             Necr           0%         N/A       100%        9


Dungeon Overview and Level Annotations

Branches:
Dungeon (3/15)

Altars:
Yredelemnul

Shops:
D:2 (

Annotations:
D:3 Ijyb


Innate Abilities, Weirdness & Mutations

You have a pair of horns on your head.
You reflexively headbutt those who attack you in melee.


Message History

Ijyb the Twisted Goblin comes into view.
She is wielding a +0 dagger of venom and carrying a wand of iceblast (9).
Ijyb shouts!
A hobgoblin comes into view.
The hobgoblin shouts!
Ijyb zaps a wand.
The mass of ice explodes!
The iceblast engulfs you!
You hear a shout!
Ijyb zaps a wand.
The mass of ice explodes!
The iceblast engulfs you.
Ijyb zaps a wand.
The mass of ice explodes!
The iceblast engulfs you!
The iceblast engulfs the hobgoblin!
The hobgoblin dies!
You hear a shout!
Ijyb hits you but does no damage.
You are poisoned.
Your kobold zombie hits Ijyb but does no damage.
You swap places.
You feel very sick. Ijyb hits you but does no damage.
You are more poisoned.
Your kobold zombie hits Ijyb but does no damage.
You feel very sick.
Ijyb hits you with a +0 dagger of venom.
* * * LOW HITPOINT WARNING * * *
Found a stone staircase leading down.
* * * LOW HITPOINT WARNING * * *
You feel very sick.
Your kobold zombie hits Ijyb but does no damage.
You block Ijyb's attack.
Something unseen opens the door.
A goblin comes into view. It is wielding a +0 club.
You hit Ijyb.
Ijyb is lightly wounded.
* * * LOW HITPOINT WARNING * * *
You feel very sick.
A goblin comes into view. It is wielding a +0 club.
Ijyb hits you but does no damage.
You are more poisoned.
Your kobold zombie closely misses Ijyb.
You slash Ijyb!
Ijyb is heavily wounded.
You die...
Your body rises from the dead as a mindless zombie.

. >...# # #. #
....g# #.#. # ....#
...# #...# ####.#
g...+ ...... #...#
##.# #...# # #
#@g.####+#######.#
#..Z..............
#...............##
#...............#
####............#
#...Z........#
#............#
#####.......Z...>##
#...............Z..


You could see Ijyb (ally target), 2 goblins, a friendly kobold zombie and a
friendly dart slug zombie.

Vanquished Creatures
  An orc priest (D:3)
  An orc wizard (D:3)
  2 adders
  6 dart slugs (D:3)
  An orc (D:3)
  3 endoplasms
  2 goblins (D:2)
  3 hobgoblins
  4 jackals (D:1)
  A kobold (D:3)
  A quokka (D:1)
  4 ball pythons
  3 bats
  A frilled lizard (D:2)
  3 rats
36 creatures vanquished.

Vanquished Creatures (collateral kills)
  A dart slug (D:3)
  An endoplasm (D:1)
  A goblin (D:1)
  A frilled lizard (D:1)
  An orc zombie (D:3)
  A rat (D:3)
6 creatures vanquished.

Vanquished Creatures (others)
  A hobgoblin (D:3)
  A ball python zombie (D:3)
  2 dart slug zombies (D:3)
  A hobgoblin zombie (D:3)
  A jackal zombie (D:1)
  A rat zombie (D:2)
7 creatures vanquished.

Grand Total: 49 creatures vanquished

Notes
Turn   | Place    | Note
-------+----------+-------------------------------------------
     0 | D:1      | GigaChad the Minotaur Fighter began the quest for the Orb.
     0 | D:1      | Reached XP level 1. HP: 19/19 MP: 0/0
    83 | D:1      | Found a faded altar of an unknown god.
   130 | D:1      | Prayed at the altar of an unknown god.
   130 | D:1      | Became a worshipper of Yredelemnul the Dark
   130 | D:1      | Reached * piety under Yredelemnul
   322 | D:1      | Reached XP level 2. HP: 23/27 MP: 1/1
   657 | D:2      | Reached XP level 3. HP: 29/33 MP: 2/2
   657 | D:2      | Found Efram's Weapon Shoppe.
  1234 | D:3      | Identified the +5 mace of Utun {vorpal, Will+ SInv}
  1242 | D:3      | Reached XP level 4. HP: 8/40 MP: 3/3
  1259 | D:3      | Reached skill level 1 in Dodging
  1595 | D:3      | Noticed Ijyb
  1606 | D:3      | Succumbed to Ijyb's poison

Illustrated notes

Levels and vault maps discovered:
D:1:      minmay_arrival_wavy_path, layout_loops_ring, basic_ecumenical_altar
D:2:      layout_loops_ring, serial_shops, nicolae_diamond_shop,
          hangedman_decor_lopped, grunt_ministairs_9, hex_medium,
          due_unseen_surprise
D:3:      kennysheep_slugbush, layout_basic, chequers_serial_rivers_micro_d,
          uniq_ijyb

Skill      XL: |  1  2  3  4 |
---------------+-------------+-----
Shields        | 4 |  4.4
Long Blades    | 3 |  3.7
Armour         | 4 |  4.9
Fighting       | 4 |  4.1
Dodging        | 1 |  1.2
Stealth        | |  0.1

Action                   |  1- 3 |  4- 6 || total
-------------------------+-------+-------++-------
Melee: Long sword        |    62 |    25 ||    87
       Headbutt          |     7 |     2 ||     9
 Stab: Distracted        |     1 |       ||     1
Armor: Scale mail        |    43 |    18 ||    61
Dodge: Dodged            |    64 |    15 ||    79
Block: Buckler           |    17 |    10 ||    27
